 Seeded DCSS version 0.28-a0-577-gb193047a1f (webtiles) character file.

Game seed: 15936775930681355243 (custom seed)

452 oldmanjim the Stinger (level 7, -1/50 HPs)
             Began as a Gnoll Venom Mage on Oct 2, 2021.
             Killed from afar by an acid dragon (27 damage)
             ... with a splash of acid
             ... on level 5 of the Dungeon.
             The game lasted 00:40:07 (4961 turns).

oldmanjim the Stinger (Gnoll Venom Mage)            Turns: 4961, Time: 00:40:08

Health: -1/50      AC:  5    Str:  9    XL:     7   Next: 4%
Magic:  10/15      EV: 14    Int: 14    God:
Gold:   170        SH:  0    Dex: 13    Spells: 14/17 levels left

rFire   . . .      SeeInvis .   b - +2 hunting sling (vorpal)
rCold   + . .      Faith    .   (no shield)
rNeg    . . .      Spirit   .   k - +2 robe {rC+}
rPois   +          Reflect  .   (no helmet)
rElec   .          Harm     .   (no cloak)
rCorr   .          Rampage  .   c - +0 pair of gloves
Will    .....                   (no boots)
Stlth   +++.......              (no amulet)
HPRegen 0.16/turn               g - ring of poison resistance
MPRegen 0.14/turn               (no ring)

@: very slightly contaminated
A: fangs 1, strong nose, distributed training
a: no special abilities


You were on level 5 of the Dungeon.
You visited 1 branch of the dungeon, and saw 5 of its levels.

You collected 170 gold pieces.

Inventory:

Hand Weapons
 a - a +0 dagger of freezing
 b - a +2 vorpal hunting sling (weapon)
Missiles
 f - 99 stones (quivered ammo)
 j - 5 boomerangs
 o - 41 bolts
 y - 13 poisoned darts
 B - 18 arrows
 C - 19 sling bullets
Armour
 c - a +0 pair of gloves (worn)
 k - a +2 robe of cold resistance (worn)
 l - +0 storm dragon scales
 m - a +0 robe
 x - a +0 helmet
Jewellery
 g - a ring of poison resistance (left hand)
Wands
 t - a wand of polymorph (11)
 w - a wand of mindburst (10)
Scrolls
 d - 2 scrolls of acquirement {unknown}
 n - a scroll of amnesia {unknown}
 p - 5 scrolls of identify {unknown}
 q - 2 scrolls of fog {unknown}
 s - 2 scrolls of immolation {unknown}
 u - a scroll of teleportation {unknown}
 v - a scroll of noise {unknown}
 A - a scroll of fear {unknown}
Potions
 e - a potion of attraction {unknown}
 h - a potion of invisibility {unknown}
 i - a potion of heal wounds {unknown}
 r - 2 potions of haste {unknown}
 z - 2 potions of curing


   Skills:
 + Level 2.2 Fighting
 + Level 2.2 Short Blades
 + Level 2.2 Long Blades
 + Level 2.2 Axes
 + Level 2.2 Maces & Flails
 + Level 2.2 Polearms
 + Level 2.2 Staves
 + Level 2.2 Slings
 + Level 2.2 Bows
 + Level 2.2 Crossbows
 + Level 2.2 Throwing
 + Level 2.2 Armour
 + Level 5.1 Dodging
 + Level 4.7 Stealth
 + Level 2.2 Shields
 + Level 2.2 Unarmed Combat
 + Level 5.5 Spellcasting
 + Level 1.8 Conjurations
 + Level 1.8 Hexes
 + Level 1.8 Summonings
 + Level 1.8 Necromancy
 + Level 1.8 Translocations
 + Level 2.8 Transmutations
 + Level 1.8 Fire Magic
 + Level 1.8 Ice Magic
 + Level 1.8 Air Magic
 + Level 1.8 Earth Magic
 + Level 5.7 Poison Magic
 + Level 2.4 Invocations
 + Level 2.2 Evocations


You had 14 spell levels left.
You knew the following spells:

 Your Spells              Type           Power      Damage    Failure   Level
a - Sting                 Tmut/Pois      60%        1d6       2%          1
b - Poisonous Vapours     Pois/Air       28%        N/A       5%          2

Your spell library contained the following spells:

 Spells                   Type           Power      Damage    Failure   Level
 Freeze                   Ice            32%        1d5       8%          1
 Mephitic Cloud           Conj/Pois/Air  12%        N/A       14%         3
 Olgreb's Toxic Radiance  Pois           20%        N/A       16%         4
 Frozen Ramparts          Ice            16%        1d3       24%         3
 Gell's Gravitas          Tloc           4%         N/A       24%         3
 Lesser Beckoning         Tloc           8%         N/A       24%         3
 Teleport Other           Tloc           8%         N/A       24%         3
 Hailstorm                Conj/Ice       8%         3d4       61%         4


Dungeon Overview and Level Annotations

Branches:
Dungeon (5/15)
 Temple: D:4-7

Altars:

Annotations:
D:4 2 transporters, Edmund; bande's ghost, amateur GrFi


Innate Abilities, Weirdness & Mutations

You have very sharp teeth.
Your uncanny sense of smell can sniff out nearby items.
Your experience applies equally to all skills.


Message History

You kill the adder!
Casting: Poisonous Vapours (safe; 5% risk of failure)
Confirm with . or Enter, or press ? or * to list all spells.
You can't see any susceptible monsters within range! (Use Z to cast anyway.)
Your +0 dagger of freezing stops glowing.
b - a +2 vorpal hunting sling (weapon)
You are too injured to fight recklessly!
Fire: 100 stones
Press: ? - help, Q - select action, (/) - cycle Shift-Dir - straight line, f - acid dragon
Aim: an acid dragon (62% to hit)
You shoot a stone.
The stone hits the acid dragon but does no damage.
Casting: Poisonous Vapours (safe; 5% risk of failure)
Confirm with . or Enter, or press ? or * to list all spells.
Aiming: Sting (safe; 2% risk of failure)
Press: ? - help, Shift-Dir - straight line, f/p - acid dragon
Aim: an acid dragon (74% to hit)
You miscast Sting.
You are very lightly contaminated with residual magic.
Nothing appears to happen.
Casting: Sting (safe; 2% risk of failure)
Confirm with . or Enter, or press ? or * to list all spells.
Aiming: Sting (safe; 2% risk of failure)
Press: ? - help, Shift-Dir - straight line, f/p - acid dragon
Aim: an acid dragon (74% to hit)
The sting hits the acid dragon but does no damage.
The acid dragon is poisoned.
The acid dragon misses you. The acid dragon barely misses you.
There is an open door here.
Casting: Sting (safe; 2% risk of failure)
Confirm with . or Enter, or press ? or * to list all spells.
Aiming: Sting (safe; 2% risk of failure)
Press: ? - help, Shift-Dir - straight line, f/p - acid dragon
Aim: an acid dragon (poisoned, 74% to hit)
The sting hits the acid dragon.
The acid dragon partially resists.
The acid dragon is lightly wounded.
The acid dragon spits acid at you. The splash of acid hits you!!
Ouch! That really hurt!
You die...

..###(.##..##)###..########
.. #+#######.###..######
#..#.............
#..#.(...........
##.##.###.###..##
#.##.###.###..#
#..............#
#..............# ∆
####@##..###+###
##..D##..### #..........+
#..........# #....##...## ##
#.>..##...## ..##
#..........+ ...#
###..##....#....#.
#############..##...##.....#


You could see an acid dragon (poisoned, catching breath).

Vanquished Creatures
  An ogre (D:4)
  2 jellies (D:4)
  A centaur zombie (D:5)
  A gnoll shaman (D:4)
  Jessica (D:2)
  Terence (D:3)
  8 gnolls
  2 adders
  A shadow imp (D:5)
  2 worms
  4 dart slugs
  2 orcs
  9 endoplasms
  6 giant cockroaches
  12 hobgoblins
  4 jackals (D:2)
  5 kobolds
  5 quokkas
  4 ball pythons
  3 bats
  3 frilled lizards
  2 goblins
  4 rats
83 creatures vanquished.

Notes
Turn   | Place    | Note
-------+----------+-------------------------------------------
     0 | D:1      | oldmanjim the Gnoll Venom Mage began the quest for the Orb.
     0 | D:1      | Reached XP level 1. HP: 13/13 MP: 6/6
   453 | D:1      | Reached XP level 2. HP: 19/19 MP: 4/7
   502 | D:1      | Learned a level 2 spell: Poisonous Vapours
  1087 | D:1      | Reached XP level 3. HP: 25/25 MP: 3/9
  1210 | D:1      | Reached skill level 5 in Spellcasting
  1810 | D:2      | Reached skill level 1 in Invocations
  1864 | D:2      | Reached skill level 1 in Fighting
  1864 | D:2      | Reached skill level 1 in Short Blades
  1864 | D:2      | Reached skill level 1 in Long Blades
  1864 | D:2      | Reached skill level 1 in Axes
  1864 | D:2      | Reached skill level 1 in Maces & Flails
  1864 | D:2      | Reached skill level 1 in Polearms
  1864 | D:2      | Reached skill level 1 in Staves
  1864 | D:2      | Reached skill level 1 in Slings
  1864 | D:2      | Reached skill level 1 in Bows
  1864 | D:2      | Reached skill level 1 in Crossbows
  1864 | D:2      | Reached skill level 1 in Throwing
  1864 | D:2      | Reached skill level 1 in Armour
  1864 | D:2      | Reached skill level 1 in Shields
  1864 | D:2      | Reached skill level 1 in Unarmed Combat
  1864 | D:2      | Reached skill level 1 in Evocations
  1936 | D:2      | Noticed Jessica
  1944 | D:2      | Killed Jessica
  1945 | D:2      | Reached XP level 4. HP: 32/32 MP: 6/11
  2193 | D:2      | Reached skill level 1 in Conjurations
  2193 | D:2      | Reached skill level 1 in Hexes
  2193 | D:2      | Reached skill level 1 in Summonings
  2193 | D:2      | Reached skill level 1 in Necromancy
  2193 | D:2      | Reached skill level 1 in Translocations
  2193 | D:2      | Reached skill level 1 in Fire Magic
  2193 | D:2      | Reached skill level 1 in Ice Magic
  2193 | D:2      | Reached skill level 1 in Air Magic
  2193 | D:2      | Reached skill level 1 in Earth Magic
  2800 | D:2      | Reached XP level 5. HP: 37/37 MP: 9/12
  2904 | D:3      | Found a faded altar of an unknown god.
  3278 | D:3      | Noticed Terence
  3309 | D:3      | Killed Terence
  3846 | D:4      | Reached XP level 6. HP: 44/44 MP: 6/13
  4153 | D:4      | Noticed Edmund
  4228 | D:4      | Reached skill level 5 in Dodging
  4310 | D:4      | Found a transporter.
  4311 | D:4      | Noticed bande's ghost (amateur GrFi)
  4314 | D:4      | Found a transporter.
  4661 | D:5      | Entered Level 5 of the Dungeon
  4885 | D:5      | Reached XP level 7. HP: 14/50 MP: 15/15
  4961 | D:5      | Killed from afar by an acid dragon

Illustrated notes

Levels and vault maps discovered:
D:1:      dpeg_arrival_arbitrary_c, layout_basic, serial_corexii_hall,
          corexii_hall_statues_deadend, corexii_hall_statues_l,
          hangedman_decor_growths, minmay_misc_feat_plants,
          nrook_mini_backslash, amethyst_killhole
D:2:      layout_rooms, uniq_jessica
D:3:      layout_basic, ebering_ecumenical_altar_box, uniq_terence
D:4:      layout_basic, gammafunk_ghost_arena, uniq_edmund
D:5:      cheibrodos_iron_armory, layout_gridville, nemelex_spade_bored_becter,
          minmay_ruined_shrine

Skill      XL: |  1  2  3  4  5  6 |
---------------+-------------------+-----
Transmutations | 2 |  2.8
Spellcasting   | 5 |  5.5
Invocations    | 1 2 |  2.4
Fighting       | 1 2 |  2.2
Short Blades   | 1 2 |  2.2
Long Blades    | 1 2 |  2.2
Axes           | 1 2 |  2.2
Maces & Flails | 1 2 |  2.2
Polearms       | 1 2 |  2.2
Staves         | 1 2 |  2.2
Slings         | 1 2 |  2.2
Bows           | 1 2 |  2.2
Crossbows      | 1 2 |  2.2
Throwing       | 1 2 |  2.2
Armour         | 1 2 |  2.2
Shields        | 1 2 |  2.2
Unarmed Combat | 1 2 |  2.2
Evocations     | 1 2 |  2.2
Conjurations   | 1 |  1.8
Hexes          | 1 |  1.8
Summonings     | 1 |  1.8
Necromancy     | 1 |  1.8
Translocations | 1 |  1.8
Fire Magic     | 1 |  1.8
Ice Magic      | 1 |  1.8
Air Magic      | 1 |  1.8
Earth Magic    | 1 |  1.8
Dodging        | 5 |  5.1
Stealth        | |  4.7
Poison Magic   | |  5.7

Action                   |  1- 3 |  4- 6 |  7- 9 || total
-------------------------+-------+-------+-------++-------
Melee: Dagger            |     5 |    34 |       ||    39
       Bite              |       |     2 |       ||     2
 Fire: Hunting sling     |       |    16 |     1 ||    17
 Cast: Sting             |    16 |    42 |     5 ||    63
       Poisonous Vapours |    33 |    65 |     2 ||   100
 Stab: Sleeping          |     2 |     1 |       ||     3
Armor: Robe              |     1 |    20 |       ||    21
Dodge: Dodged            |     9 |    64 |     4 ||    77

Table legend: (Time is in decaauts)
 A = Elapsed time spent in this place.
 B = Non-inter-level travel time spent in this place.
 C = Inter-level travel time spent in this place.
 D = Time resting spent in this place.
 E = Time spent auto-exploring this place.
 F = Levels seen in this place.
 G = Mean time per level.
                   A        B        C        D        E       F      G
               +--------+--------+--------+--------+--------+-----+--------+
         Total |   4954 |   4869 |     85 |    521 |   3057 |   5 |  990.8 |
       Dungeon |   4954 |   4869 |     85 |    521 |   3057 |   5 |  990.8 |
               +--------+--------+--------+--------+--------+-----+--------+

Top non-repeatable levels by time:
     D:1: 1713 daAuts
     D:2: 1189 daAuts
     D:3: 980 daAuts
     D:4: 774 daAuts
     D:5: 297 daAuts
